 Dungeon Crawl Stone Soup version 0.26.0-41-g79a4fc7684 (webtiles) character file.

Game seed: 18129088452363028358

501 kaeus the Sneak (level 7, -2/72 HPs)
             Began as an Octopode Fighter on Jan 27, 2021.
             Was an Initiate of Dithmenos.
             Slain by an ice beast (9 damage)
             ... on level 5 of the Dungeon.
             The game lasted 00:05:14 (4389 turns).

kaeus the Sneak (Octopode Fighter)                  Turns: 4389, Time: 00:05:15

Health: -2/72      AC:  1    Str: 21    XL:     7   Next: 17%
Magic:  7/7        EV: 13    Int: 17    God:    Dithmenos [......]
Gold:   184        SH: 10    Dex: 13    Spells: 6/6 levels left

rFire    . . .     SeeInvis .   f - +1 dagger (venom)
rCold    . . .     Faith    .   b - +0 kite shield
rNeg     . . .     Spirit   .   (helmet restricted)
rPois    .         Reflect  .   (no amulet)
rElec    .         Harm     .   o - +6 ring of strength
rCorr    .         Rampage  .   s - +6 ring of intelligence
Will     .....                  (no ring)
Stlth    ..........             (no ring)
HPRegen  0.22/turn              (no ring)
MPRegen  0.10/turn              (no ring)
                                (no ring)
                                (no ring)

@: brilliant, berserking, very quick
A: almost no armour, stealthy swim, amphibious, 8 rings, constrict 8, camouflage
1, gelatinous body 1
a: Renounce Religion


You were on level 5 of the Dungeon.
You worshipped Dithmenos.
Dithmenos was noncommittal.
You visited 1 branch of the dungeon, and saw 5 of its levels.

You collected 184 gold pieces.

Inventory:

Hand Weapons
 f - a +1 dagger of venom (weapon)
Armour
 b - a +0 kite shield (worn)
Jewellery
 o - a +6 ring of strength (left tentacle)
 s - a +6 ring of intelligence (right tentacle)
Wands
 a - a wand of acid (11)
Scrolls
 d - 11 scrolls of identify {unknown}
 g - 5 scrolls of remove curse {unknown}
 h - a scroll of fog {unknown}
 i - a scroll of teleportation {unknown}
 k - a scroll of amnesia {unknown}
 l - a scroll of immolation {unknown}
 n - 2 scrolls of noise {unknown}
 q - 2 scrolls of magic mapping {unknown}
Potions
 c - a potion of might
 e - a potion of lignification {unknown}
 j - a potion of heal wounds {unknown}
 m - a potion of curing {unknown}
 r - a potion of haste {unknown}


   Skills:
 + Level 4.2 Fighting
 + Level 3.4 Short Blades
 + Level 4.1 Dodging
 * Level 5.8 Stealth
 + Level 4.2 Shields


You had 6 spell levels left.
You didn't know any spells.
Your spell library was empty.

Dungeon Overview and Level Annotations

Branches:
Dungeon (5/15)
 Temple: D:4-7

Altars:
Dithmenos
Nemelex Xobeh
Ru
Yredelemnul


Innate Abilities, Weirdness & Mutations

You cannot wear most types of armour.
You are very stealthy in the water. (Stealth+)
You are amphibious.
You can wear up to eight rings at the same time.
You can use your tentacles to constrict eight enemies at once.
Your skin changes colour to match your surroundings (Stealth+).
Your rubbery body absorbs attacks. (AC +1, EV +1)


Message History

You take 17 damage, and have 6/48 hp.
MASSIVE DAMAGE!!
It was a potion of brilliance.
You feel clever all of a sudden. The ice beast closely misses you.
It was a potion of berserk rage.
A red film seems to cover your vision as you go berserk!
You feel yourself moving faster!
You feel mighty! You block the ice beast's attack.
You now have 10/72 hp.
You hit the ice beast. You squeeze the ice beast!
The ice beast is severely wounded.
You barely miss the ice beast.
The ice beast is severely wounded.
You block the ice beast's attack.
You hit the ice beast but do no damage.
The ice beast looks even sicker.
The ice beast is severely wounded.
The ice beast hits you.
* * * LOW HITPOINT WARNING * * *
The ice beast freezes you!
You die...

... ....
######+####....
#..............
#..............
#..............
#.......†......
#......@Y# ..
..#.##...# ...
##+##...##....
#<............
#.............
#.......##....
##......# ....
######## ... ..


You could see an ice beast (very poisoned).

Vanquished Creatures
  A phantom (D:4)
  A bullfrog (D:3)
  A howler monkey (D:4)
  A hound (D:4)
  An iguana (D:5)
  A worker ant (D:4)
  5 adders
  7 gnolls
  2 shadow imps
  An adder skeleton (D:4)
  3 dart slugs
  A leopard gecko (D:4)
  14 orcs (D:3)
  2 bats (D:2)
  5 giant cockroaches
  11 hobgoblins
  6 jackals
  6 kobolds
  A quokka (D:4)
  7 frilled lizards
  10 goblins
  A leopard gecko skeleton (D:4)
  3 rats
91 creatures vanquished.

Notes
Turn   | Place    | Note
-------+----------+-------------------------------------------
     0 | D:1      | kaeus the Octopode Fighter began the quest for the Orb.
     0 | D:1      | Reached XP level 1. HP: 16/16 MP: 1/1
   187 | D:1      | Reached skill level 1 in Stealth
   221 | D:1      | Reached XP level 2. HP: 21/21 MP: 2/2
   573 | D:1      | Reached skill level 2 in Stealth
   600 | D:1      | Reached XP level 3. HP: 20/26 MP: 3/3
  1384 | D:2      | Found a basalt altar of Yredelemnul.
  1477 | D:2      | Reached XP level 4. HP: 31/31 MP: 4/4
  1596 | D:2      | Found a sparkling altar of Nemelex Xobeh.
  2020 | D:3      | Noticed a bullfrog
  2025 | D:3      | Killed a bullfrog
  2026 | D:3      | Reached skill level 3 in Stealth
  2026 | D:3      | Reached XP level 5. HP: 27/36 MP: 5/5
  2249 | D:3      | Reached skill level 4 in Stealth
  2804 | D:3      | Found a sacrificial altar of Ru.
  3299 | D:3      | Reached XP level 6. HP: 39/43 MP: 6/6
  3606 | D:4      | Reached skill level 5 in Stealth
  3613 | D:4      | Noticed a phantom
  3655 | D:4      | Killed a phantom
  3954 | D:4      | Found a shadowy altar of Dithmenos.
  3958 | D:4      | Reached XP level 7. HP: 48/48 MP: 7/7
  3960 | D:4      | Became a worshipper of Dithmenos the Shadowed
  4281 | D:5      | Entered Level 5 of the Dungeon
  4389 | D:5      | Slain by an ice beast

Illustrated notes

Levels and vault maps discovered:
D:1:      tarquinn_simple_flora_water_d, layout_loops_corners
D:2:      layout_basic, yredelemnul_altar_generic, nemelex_diamond_rough_becter
D:3:      layout_loops_ring, hangedman_ru_absence
D:4:      layout_rooms, grunt_dithmenos_shadows
D:5:      layout_gridville, nrook_uturn

Skill      XL: |  1  2  3  4  5  6 |
---------------+-------------------+-----
Stealth        | 1 2 3 4 5 |  5.8
Short Blades   | 3 |  3.4
Shields        | 4 |  4.2
Fighting       | 4 |  4.2
Dodging        | 4 |  4.1

Action                   |  1- 3 |  4- 6 |  7- 9 || total
-------------------------+-------+-------+-------++-------
Melee: Rapier            |    35 |       |       ||    35
       Constrict         |    12 |    31 |     3 ||    46
       Tentacles         |     9 |    36 |     4 ||    49
       Dagger            |    19 |   139 |    16 ||   174
  Use: Potion            |       |     1 |     3 ||     4
 Stab: Sleeping          |    10 |     5 |     1 ||    16
       Distracted        |       |     2 |       ||     2
Armor: Skin              |     4 |     2 |       ||     6
Dodge: Dodged            |    16 |    37 |     6 ||    59
Block: Kite shield       |    13 |    56 |     6 ||    75
